 Dungeon Crawl Stone Soup version 0.30-a0-1074-g5db6f66fbb (webtiles) character file.

Game seed: 15970342701126497739

3 KristoblXynda the Ducker (level 1, 0/11 HPs)
             Began as a Spriggan Berserker on Apr 14, 2023.
             Was a Follower of Trog.
             Killed from afar by a dart slug (2 damage)
             ... with a slug dart
             ... on level 1 of the Dungeon.
             The game lasted 00:00:32 (73 turns).

KristoblXynda the Ducker (Spriggan Berserker)         Turns: 73, Time: 00:00:32

Health: 0/11       AC:  2    Str: 13    XL:     1   Next: 41%
Magic:  2/2        EV: 18    Int:  8    God:    Trog [*.....]
Gold:   0          SH:  0    Dex: 14    Spells: 0/0 levels left

rFire   . . .      SeeInvis +    a - +0 short sword
rCold   . . .      Faith    .    (no shield)
rNeg    . . .      Spirit   .    b - +0 animal skin
rPois   .          Reflect  .    (helmet restricted)
rElec   .          Rampage  .    (no cloak)
rCorr   .                        (gloves unavailable)
Will    .....                    (boots unavailable)
Stlth   +                        (no amulet)
HPRegen 0.21/turn                (no ring)
MPRegen 0.08/turn                (no ring)

@: on berserk cooldown, slowed, quick
A: very small, no large weapons, unfitting armour, see invisible, speed 3
a: Renounce Religion, Berserk


You were on level 1 of the Dungeon.
You worshipped Trog.
Trog was aware of your devotion.
You visited 1 branch of the dungeon, and saw 1 of its levels.

Inventory:

Hand Weapons
 a - a +0 short sword (weapon)
 c - a +1 dagger of speed
Armour
 b - a +0 animal skin (worn)


   Skills:
 + Level 2.4 Fighting
 + Level 3.3 Short Blades
 + Level 4.1 Dodging
 + Level 0.5 Stealth


You couldn't memorise any spells.
You didn't know any spells.
Your spell library was empty.

Dungeon Overview and Level Annotations

Branches:
Dungeon (1/15)

Altars:


Innate Abilities, Weirdness & Mutations

You are very small and have problems with some larger weapons.
You are too small for most types of armour.
You have supernaturally acute eyesight. (SInv)
You cover ground extremely quickly. (Speed+++)


Message History

The rat bites you.
* * * LOW HITPOINT WARNING * * *
You hit the rat.
You kill the rat!
Trog accepts your kill.
A red film seems to cover your vision as you go berserk!
You feel yourself moving faster!
You feel mighty!
You barely miss the goblin. You hit the goblin.
You kill the goblin!
Trog accepts your kill.
The kobold throws a stone.
The stone closely misses you.
You see here a +1 dagger of speed.
You feel a strong urge to attack something.
You hit the kobold but do no damage.
The kobold is severely wounded.
The kobold barely misses you.
You closely miss the kobold.
The kobold is severely wounded.
The kobold hits you with a +0 whip.
* * * LOW HITPOINT WARNING * * *
You puncture the kobold!
You feel the power of Trog in you as your rage grows.
You kill the kobold!
Trog accepts your kill.
You see here a +1 dagger of speed.
c - a +1 dagger of speed You feel a strong urge to attack something.
You are no longer berserk.
You are exhausted.
You feel yourself slow down.
You start resting.
A dart slug is nearby!
A dart slug is nearby!
A dart slug is nearby!
The dart slug launches a dart at you. The slug dart misses you.
The dart slug launches a dart at you. The slug dart hits you.
You die...

##.8.8.###.........
#.......##..K.g....
###..w...8##..g......
#<#.)###..###.##.....
#.#..#s#g..##.w......
#.#..#h#..8##.##.....
#.#..#S#..K.w.##.....
#.#..#w#..8##########
#.#.@#l#...#
#.#..###..##
#........8#
#.........#
##...8.8.## #.......#
#########


You could see a water moccasin, a black bear, a wyvern, a worm, a scorpion and a
dart slug.

Vanquished Creatures
  A goblin (D:1)
  A kobold (D:1)
  A rat (D:1)
3 creatures vanquished.

Notes
Turn   | Place    | Note
-------+----------+-------------------------------------------
     0 | D:1      | KristoblXynda the Spriggan Berserker began the quest for
                  | the Orb.
     0 | D:1      | Reached XP level 1. HP: 11/11 MP: 2/2
     6 | D:1      | Noticed a water moccasin
     6 | D:1      | Noticed a wyvern
     7 | D:1      | Noticed a scorpion
     7 | D:1      | Noticed a black bear
    73 | D:1      | Killed from afar by a dart slug

Illustrated notes

Levels and vault maps discovered:
D:1:      onia_arrival_zoo_common, layout_rooms, st_stairs_14

Action                     || total
---------------------------++-------
  Melee: Short sword       ||    16
 Invoke: Berserk           ||     1
 Armour: Animal skin       ||     1
  Dodge: Dodged            ||    17

Table legend: (Time is in decaauts)
 A = Elapsed time spent in this place.
 B = Non-inter-level travel time spent in this place.
 C = Inter-level travel time spent in this place.
 D = Time resting spent in this place.
 E = Time spent auto-exploring this place.
 F = Levels seen in this place.
 G = Mean time per level.
                   A        B        C        D        E       F      G
               +--------+--------+--------+--------+--------+-----+--------+
         Total |     49 |     49 |      0 |      2 |     12 |   1 |   49.0 |
       Dungeon |     49 |     49 |      0 |      2 |     12 |   1 |   49.0 |
               +--------+--------+--------+--------+--------+-----+--------+

Top non-repeatable levels by time:
     D:1: 49 daAuts
